 Dungeon Crawl Stone Soup version 0.25-a0-796-gd415a3ffb0 (webtiles) character file.

Game seed: 18027791806468344106, levelgen mode: deterministic

89 MisterFreud the Skirmisher (level 4, 0/44 HPs)
             Began as a Minotaur Abyssal Knight on Apr 18, 2020.
             Was a Believer of Lugonu.
             Succumbed to an orc's poison
             ... on level 3 of the Dungeon.
             The game lasted 00:03:34 (2087 turns).

MisterFreud the Skirmisher (MiAK)                   Turns: 2087, Time: 00:03:35

Health: 0/44       AC:  6    Str: 17    XL:     4   Next: 31%
Magic:  4/4        EV:  9    Int:  9    God:    Lugonu [**....]
Gold:   123        SH:  0    Dex: 10    Spells: 3/3 levels left

rFire    + + .     SeeInvis .   a - +2 falchion
rCold    + . .     Gourm    +   (no shield)
rNeg     . . .     Faith    .   d - +0 scale mail
rPois    +         Spirit   .   (helmet restricted)
rElec    +         Reflect  .   (no cloak)
rCorr    +         Harm     .   (no gloves)
MR       .....                  (no boots)
Stlth    ..........             e - amulet of the gourmand
HPRegen  0.14/turn              i - ring of protection from fire
MPRegen  0.09/turn              (no ring)

@: mighty, brilliant, lethally poisoned (0 -> -9), resistant, flying, hasted,
very quick
A: retaliatory headbutt, horns 2
a: Depart the Abyss, Bend Space, Renounce Religion


You were on level 3 of the Dungeon.
You worshipped Lugonu.
Lugonu was pleased with you.
You were very full.

You visited 1 branch of the dungeon, and saw 3 of its levels.
You visited the Abyss 1 time.

You collected 123 gold pieces.

Inventory:

Hand Weapons
 a - a +2 falchion (weapon)
 o - a +4 hunting sling
Missiles
 f - 5 boomerangs of dispersal (quivered)
 g - 16 bolts
 l - 30 arrows
 n - 94 stones
 p - 28 poisoned darts
 s - 21 sling bullets
Armour
 b - a +0 leather armour
 d - a +0 scale mail (worn)
Jewellery
 e - an amulet of the gourmand (around neck)
 i - a ring of protection from fire (left hand)
Wands
 y - a wand of flame (18)
Scrolls
 h - 3 scrolls of identify
 k - a scroll of enchant weapon
 r - a scroll of blinking
 v - a scroll of random uselessness
 x - a scroll of immolation {unknown}
Potions
 j - a potion of brilliance
Comestibles
 c - 6 rations


   Skills:
 * Level 6.3 Fighting
 - Level 2.4 Long Blades
 - Level 2.4 Armour
 - Level 1.1 Dodging
 - Level 1.7 Invocations


You had 3 spell levels left.
You didn't know any spells.
Your spell library was empty.

Dungeon Overview and Level Annotations

Branches:
Dungeon (3/15)

Altars:
The Shining One


Innate Abilities, Weirdness & Mutations

You reflexively headbutt those who attack you in melee.
You have a pair of horns on your head.


Message History

* * * LOW HITPOINT WARNING * * *
You feel sick.
Things that are here:
a +0 club; an orc corpse
* * * LOW HITPOINT WARNING * * *
You feel sick.
* * * LOW HITPOINT WARNING * * *
You feel sick.
Your surroundings suddenly seem different.
* * * LOW HITPOINT WARNING * * *
You feel sick.
* * * LOW HITPOINT WARNING * * *
You feel sick.
* * * LOW HITPOINT WARNING * * *
You feel sick.
* * * LOW HITPOINT WARNING * * *
You feel sick.
* * * LOW HITPOINT WARNING * * *
You feel sick.
You die...

.# .# ...... .#
...... .# ......
##.# ......
##..# ......
####...# ......
#....@.# ######
#......#
######......###
####
#...............
....
#.........######
.... #.........#
.... #.........#
.... #.........#
.... #.........#


There were no monsters in sight!

Vanquished Creatures
  An adder (D:2)
  2 oozes (D:1)
  A worm (D:2)
  2 dart slugs
  A leopard gecko (D:2)
  4 orcs (D:3)
  5 giant cockroaches
  5 goblins
  5 hobgoblins
  7 jackals
  2 quokkas
  11 bats
  3 frilled lizards
  A kobold (D:1)
  5 rats
55 creatures vanquished.

Notes
Turn   | Place    | Note
-------+----------+-------------------------------------------
     0 | Abyss:1  | MisterFreud the Minotaur Abyssal Knight began the quest for
                  | the Orb.
     0 | Abyss:1  | Reached XP level 1. HP: 19/19 MP: 1/1
    56 | Abyss:1  | Noticed a kobold demonologist
    58 | Abyss:1  | Noticed an ice devil
    58 | D:1      | Escaped the Abyss
    88 | D:1      | Reached * piety under Lugonu
   330 | D:1      | Reached skill level 4 in Fighting
   362 | D:1      | Reached XP level 2. HP: 26/28 MP: 2/2
   443 | D:1      | You fall into a shaft and drop 1 floor!
   836 | D:1      | Reached skill level 5 in Fighting
   841 | D:1      | Reached XP level 3. HP: 36/36 MP: 3/3
  1109 | D:1      | Reached ** piety under Lugonu
  1743 | D:2      | Found a glowing golden altar of the Shining One.
  1810 | D:2      | Reached skill level 6 in Fighting
  1810 | D:2      | Reached XP level 4. HP: 43/44 MP: 4/4
  2084 | D:3      | HP: 2/44 [poisoned by an orc]
  2087 | D:3      | Succumbed to an orc's poison

Levels and vault maps discovered:
D:1:      doesnt_arrival_eight_statues, layout_basic
D:2:      layout_loops_ring, tso_metal_star
D:3:      layout_basic, minitemple, trog_butcher_becter,
          uniq_crazy_yiuf_cottage, uniq_sigmund, uniq_terence

Skill      XL: |  1  2  3 |
---------------+----------+-----
Fighting       | 4 5 6 |  6.3
Long Blades    | |  2.4
Armour         | |  2.4
Dodging        | |  1.1
Invocations    | |  1.7

Action                   |  1- 3 |  4- 6 || total
-------------------------+-------+-------++-------
Melee: Falchion          |    93 |    39 ||   132
       Headbutt          |    14 |     5 ||    19
Invok: Depart the Abyss  |     1 |       ||     1
  Use: Potion            |       |     5 ||     5
       Scroll            |       |     4 ||     4
  Eat: Chunk             |    11 |     2 ||    13
Armor: Scale mail        |    57 |    26 ||    83
Dodge: Dodged            |    48 |    28 ||    76
       Rpst.: Falchion   |    14 |     8 ||    22

Table legend:
 A = Non-vault XP
 B = Vault XP
 C = Vault XP percentage of total XP
 D = Non-vault monster count
 E = Vault monster count
 F = Vault count percentage of total count
                 A         B        C        D         E       F
            +---------+---------+-------+---------+---------+-------
      Total |     128 |       0 |   0.0 |      55 |       0 |   0.0
            +---------+---------+-------+---------+---------+-------
        D:1 |      49 |       0 |   0.0 |      23 |       0 |   0.0
        D:2 |      53 |       0 |   0.0 |      20 |       0 |   0.0
        D:3 |      26 |       0 |   0.0 |      12 |       0 |   0.0
            +---------+---------+-------+---------+---------+-------
